[Event "WYCC 2018 O14"]
[Site "Halkidiki"]
[Date "2018.10.21"]
[Round "2"]
[White "Ngo, Duc Tri"]
[Black "Tengis, Tsog-Ochir"]
[Result "0-1"]
[ECO "A15"]
[WhiteElo "1883"]
[BlackElo "2205"]
[Annotator "NA"]
[PlyCount "112"]
[EventDate "2018.10.20"]
[EventType "swiss"]
[EventCountry "GRE"]
[SourceTitle "playchess.com"]
[Source "ChessBase"]
[SourceQuality "1"]
[TimeControl "40/5400+30:1800+30"]

1. c4 Nf6 2. Nf3 g6 3. Nc3 d5 4. e3 {[%emt 0:02:06] A16: English Opening: 1...Nf6 with ...d5} (4. cxd5 Nxd5 5. h4 Nxc3 6. bxc3 h6 7. e4 Bg7 8. d4 c5 9. Rb1 O-O 10. Be2 b6 11. Be3 Bb7 12. d5 e6 13. c4 {0-1 (46) Mareco,S (2649)-Ivanchuk,V (2710) Batumi 2018}) 4... Bg7 5. b3 c5 6. Bb2 O-O 7. Nxd5 {[%emt 0:01:17] LiveBook: 4 Games} Nxd5 8. Bxg7 Nxe3 9. fxe3 Kxg7 10. d4 Bg4 11. Qd2 $146 ({Predecessor:} 11. Be2 Qc7 12. O-O Nc6 13. Ng5 Bf5 14. d5 {½-½ (30) Denayer,E (2251)-Geenen,M (2343) Namur 2006}) 11... Bxf3 12. gxf3 e6 13. O-O-O Qf6 14. Rg1 Nc6 15. Rg4 Rad8 16. Rf4 Qe7 17. d5 f5 18. Qc3+ e5 19. dxc6 Rxd1+ 20. Kxd1 Kg8 21. Rh4 Qxh4 22. Qxe5 Rd8+ 23. Ke2 bxc6 24. Bh3 Kf7 25. Qc7+ Qe7 26. Qxc6 Qd6 (26... Qe5 $142 27. f4 Qb2+ 28. Kf3 Qd2) 27. Qd5+ Kf6 28. f4 Qc7 29. Qh1 Qd6 30. Qc1 Qd3+ 31. Ke1 g5 32. fxg5+ Kxg5 33. Bg2 Qd6 34. Bd5 Qxh2 35. Qc3 Kg6 36. Qa5 Qh4+ 37. Ke2 Qe7 38. Qe1 Qd6 39. Qg1+ Kf6 40. Qe1 Qh2+ 41. Kd3 Re8 42. Qa5 f4 43. e4 Qg3+ 44. Kc2 Qf2+ 45. Kb1 Ke5 46. Qc3+ Qd4 47. Qf3 Qg1+ 48. Kc2 Re7 49. Qc3+ Qd4 50. Qf3 Qa1 51. Qh3 Qxa2+ 52. Kc3 Qa1+ 53. Kc2 Qe1 54. Qf5+ Kd4 55. Qxf4 Qc3+ 56. Kd1 Qd3+ $19 0-1

[Event "WYCC 2018 O14"]
[Site "Halkidiki"]
[Date "2018.10.21"]
[Round "2"]
[White "Sanger, Jake M"]
[Black "Cohen Revivo, Shoham"]
[Result "1-0"]
[ECO "D00"]
[WhiteElo "1880"]
[BlackElo "2289"]
[Annotator "ChessBase"]
[PlyCount "103"]
[EventDate "2018.10.20"]
[EventType "swiss"]
[EventCountry "GRE"]
[SourceTitle "playchess.com"]
[Source "ChessBase"]
[SourceQuality "1"]
[TimeControl "40/5400+30:1800+30"]

1. d4 d5 2. Bf4 Nf6 3. e3 c5 4. Nc3 a6 5. dxc5 e6 6. Na4 Bxc5 7. Nxc5 Qa5+ 8. c3 Qxc5 9. Nf3 Nc6 10. Bd3 h6 11. Ne5 Qe7 12. O-O O-O 13. Bc2 Nd7 14. Qd3 f5 15. Ng6 Qf6 16. Nxf8 Nxf8 17. Bg3 Bd7 18. Bb3 Ng6 19. c4 d4 20. f4 Rd8 21. Rad1 Be8 22. e4 fxe4 23. Qxe4 Nge7 24. c5 Bf7 25. Rfe1 Nd5 26. Bxd5 Rxd5 27. Bf2 Bh5 28. Rd2 Bg4 29. h3 Bf5 30. Qf3 Rxc5 31. Red1 Rd5 32. g4 Bh7 33. f5 Rd8 34. Qb3 Rd6 35. Bg3 Rd5 36. fxe6 Be4 37. Re1 Qxe6 38. Rde2 Kh7 39. Rxe4 Qd7 40. Qd3 Nb4 41. Qb1 d3 42. Rxb4 Qc6 43. Rbe4 Qc5+ 44. Bf2 Qd6 45. Qd1 d2 46. R1e2 h5 47. Re6 Qb4 48. Qc2+ Kg8 49. Re8+ Kf7 50. R2e7+ Qxe7 51. Rxe7+ Kxe7 52. Qd1 1-0

[Event "WYCC 2018 O14"]
[Site "Halkidiki"]
[Date "2018.10.21"]
[Round "2"]
[White "Nakahara, Kan"]
[Black "Popov, Konstantin"]
[Result "0-1"]
[ECO "B50"]
[WhiteElo "1850"]
[BlackElo "2304"]
[Annotator "NA"]
[PlyCount "80"]
[EventDate "2018.10.20"]
[EventType "swiss"]
[EventCountry "GRE"]
[SourceTitle "playchess.com"]
[Source "ChessBase"]
[SourceQuality "1"]
[TimeControl "40/5400+30:1800+30"]

1. e4 c5 2. Nf3 d6 3. d4 Nf6 4. dxc5 Nxe4 5. cxd6 Nc6 6. Be2 Nxd6 7. O-O g6 8. c3 Bg7 9. Bf4 O-O {[%emt 0:02:47] B22: Sicilian: 2 c3} 10. Bxd6 exd6 11. Nbd2 (11. Na3 d5 12. Nb5 a6 13. Nbd4 Re8 14. Re1 Qd6 15. Qd2 Bd7 16. Rad1 Re7 17. Bf1 Rxe1 18. Rxe1 {½-½ (46) Leko,P (2693)-Nepomniachtchi,I (2767) Doha 2016}) 11... Be6 $146 ({Predecessor:} 11... Re8 12. Nb3 d5 13. Re1 Qb6 14. Qxd5 Be6 15. Qb5 Bxb3 16. axb3 Qc7 17. Bc4 {½-½ (67) Yandemirov,V (2461)-Sokolov,S (2356) Kazan 2008}) 12. Nb3 Qb6 13. Nfd2 d5 14. Nf3 Rfd8 15. Nfd4 Nxd4 16. cxd4 a5 17. Qd2 Rac8 18. Rac1 Qb4 19. Qxb4 axb4 20. Bd3 b6 21. a4 bxa3 22. bxa3 Bh6 23. Rb1 Rc3 24. Bb5 Bf8 25. Nd2 Bxa3 26. Ba6 Rb8 27. Rb5 Bd6 28. Rfb1 Bc7 29. R5b4 Ra8 30. Bf1 Ra2 31. Nf3 Rcc2 32. Ng5 Rxf2 33. Nxe6 fxe6 34. R4b3 Rac2 35. Re1 Kf7 36. Rbe3 {[%emt 0:00:13] [#]} Rf6 $19 37. Bd3 Rd2 38. Rc1 Bf4 39. Rh3 Rxd3 40. Rxh7+ Kg8 0-1

[Event "WYCC 2018 O14"]
[Site "Halkidiki"]
[Date "2018.10.21"]
[Round "2"]
[White "Dabarera, G W D M"]
[Black "Fecker, Noah"]
[Result "1/2-1/2"]
[ECO "B22"]
[WhiteElo "1768"]
[BlackElo "2184"]
[Annotator "NA"]
[PlyCount "66"]
[EventDate "2018.10.20"]
[EventType "swiss"]
[EventCountry "GRE"]
[SourceTitle "playchess.com"]
[Source "ChessBase"]
[SourceQuality "1"]
[TimeControl "40/5400+30:1800+30"]

1. e4 c5 2. c3 d5 3. exd5 Qxd5 4. d4 Nf6 5. Nf3 Bg4 6. Be2 cxd4 7. cxd4 e6 8. Nc3 Qd8 9. Qb3 Qb6 10. Qxb6 axb6 11. Bb5+ Nc6 12. Ne5 Rc8 {[%emt 0:00:22] B22: Sicilian: 2 c3} 13. O-O $146 ({Predecessor:} 13. Nxg4 Nxg4 14. f3 Nf6 15. Na4 Bb4+ 16. Bd2 Bxd2+ 17. Kxd2 Nd7 18. Rac1 Ke7 19. Rhe1 Kd6 20. Rc3 {0-1 (45) Coelho,P-Pacheco,A Brasilia 1999}) 13... Bd6 14. Bg5 Bf5 15. Nc4 Rd8 16. Bxf6 gxf6 17. d5 exd5 18. Nxb6 d4 19. Ncd5 O-O 20. Nxf6+ Kg7 21. Nh5+ Kh6 22. Ng3 Bg6 $11 23. Nc4 d3 24. Bxc6 bxc6 25. Nxd6 Rxd6 26. f4 d2 27. f5 Rfd8 28. Rad1 Bh5 29. Nxh5 Kxh5 30. Rf2 Kg5 31. f6 Rd4 32. a4 Rxa4 33. Rfxd2 Rb8 1/2-1/2

[Event "WYCC 2018 O14"]
[Site "Halkidiki"]
[Date "2018.10.21"]
[Round "2"]
[White "Rathbone-Jones, Ifan"]
[Black "Srihari L R"]
[Result "0-1"]
[ECO "A41"]
[WhiteElo "1673"]
[BlackElo "2170"]
[Annotator "NA"]
[PlyCount "60"]
[EventDate "2018.10.20"]
[EventType "swiss"]
[EventCountry "GRE"]
[SourceTitle "playchess.com"]
[Source "ChessBase"]
[SourceQuality "1"]
[TimeControl "40/5400+30:1800+30"]

1. d4 d6 2. c4 Nd7 3. e4 e5 4. d5 Nc5 5. Nc3 f5 6. Qc2 (6. exf5 $14 Bxf5 7. Be3) 6... fxe4 7. Nxe4 Nxe4 8. Qxe4 Nf6 9. Qc2 Be7 10. g3 (10. Ne2 $11) 10... O-O 11. Bg2 c6 12. dxc6 bxc6 13. Bxc6 Rb8 14. Bg2 Qb6 15. b3 Bb7 16. f3 d5 17. Nh3 dxc4 $19 18. Qxc4+ Bd5 19. Qe2 Bb4+ 20. Bd2 Bxd2+ 21. Qxd2 Rbd8 22. Qe2 Ng4 23. Rd1 Ne3 24. Rxd5 Rxd5 25. Rg1 Qb4+ 26. Kf2 Ng4+ 27. Kf1 Nxh2+ 28. Kf2 Qc5+ 29. Ke1 Qc1+ 30. Kf2 Ng4# 0-1

[Event "WYCC 2018 O14"]
[Site "Halkidiki"]
[Date "2018.10.21"]
[Round "2"]
[White "Ruiz Buendia, Miguel"]
[Black "Czopor, Maciej"]
[Result "0-1"]
[ECO "B80"]
[WhiteElo "1625"]
[BlackElo "2219"]
[Annotator "NA"]
[PlyCount "52"]
[EventDate "2018.10.20"]
[EventType "swiss"]
[EventCountry "GRE"]
[SourceTitle "playchess.com"]
[Source "ChessBase"]
[SourceQuality "1"]
[TimeControl "40/5400+30:1800+30"]

1. e4 c5 2. Nf3 e6 3. d4 cxd4 4. Nxd4 Nf6 5. Nc3 d6 6. f3 {[%emt 0:00:00] LiveBook: 42 Games} a6 7. Be3 b5 8. Qd2 b4 {[%emt 0:02:13] B80: Sicilian Scheveningen: 6 g3 and 6 Be3, including English Attack} (8... Bb7 9. g4 Nfd7 10. O-O-O Nb6 11. Nb3 N8d7 12. Na5 Rb8 13. Bd4 Ba8 14. h4 Qc7 15. g5 b4 16. Nb1 e5 17. Bxb6 Rxb6 18. Nc4 Rc6 19. Ne3 {1-0 (70) Aronian,L (2767)-Nakamura,H (2777) Saint Louis 2018}) 9. Nce2 e5 10. Nb3 Nc6 11. c4 Be6 12. Ng3 a5 13. Bd3 $146 ({Predecessor:} 13. Rd1 a4 14. Nc1 Be7 15. Bd3 O-O 16. O-O {½-½ (23) Demetrio,A (2518)-Ciucurel,S (2425) ICCF email 2010}) 13... a4 14. Nc1 Nd7 15. Nce2 h5 16. f4 exf4 17. Nxf4 g6 18. O-O Bg7 19. Rf2 Nde5 (19... Nc5 $15) 20. Nd5 (20. Nxe6 $11 fxe6 21. Be2) 20... Ng4 21. Re2 Nxe3 22. Nxe3 a3 23. Nd5 axb2 24. Rae1 Rxa2 25. Bb1 $19 Ra1 26. Kh1 O-O 0-1

[Event "WYCC 2018 O14"]
[Site "Halkidiki"]
[Date "2018.10.21"]
[Round "3"]
[White "Spyropoulos, Nikolaos"]
[Black "Dabarera, G W D M"]
[Result "1-0"]
[ECO "C55"]
[WhiteElo "2378"]
[BlackElo "1768"]
[Annotator "NA"]
[PlyCount "123"]
[EventDate "2018.10.20"]
[EventType "swiss"]
[EventCountry "GRE"]
[SourceTitle "playchess.com"]
[Source "ChessBase"]
[SourceQuality "1"]
[TimeControl "40/5400+30:1800+30"]

1. e4 e5 2. Nf3 Nc6 3. Bc4 Nf6 4. d3 Be7 5. O-O O-O 6. Re1 d6 7. a4 Bg4 8. c3 {[%emt 0:02:54] C55: Two Knights: 4 d3, 4 d4 exd4 5 e5 and Max Lange Attack} (8. h3 Bh5 9. Nbd2 Nd4 10. g4 Nxf3+ 11. Qxf3 Bg6 12. Qg3 d5 13. exd5 Nxd5 14. Nf3 f6 15. Nxe5 fxe5 16. Qxe5 Bf7 17. Bxd5 Bxd5 18. Qxe7 Rf3 19. Qxd8+ Rxd8 20. Re5 Rxh3 21. Rh5 {½-½ (21) Wei,Y (2725)-Bu,X (2711) Ho Chi Minh City 2017}) 8... d5 9. exd5 Nxd5 10. h3 {[%emt 0:07:14] LiveBook: 3 Partien} Bh5 11. Nbd2 Nf4 12. Nf1 $146 ({Predecessor:} 12. Nb3 Bd6 13. Bxf4 exf4 14. d4 Qf6 15. Nbd2 Rae8 {½-½ (50) Gergacz,A (2425)-Kotz,H (2330) Austria 2011}) 12... g5 $2 (12... Na5 $1 $11 13. Bxf4 exf4) 13. Ng3 Bg6 14. Nxe5 Nxe5 15. Rxe5 Bf6 16. Re3 Kh8 17. Ne4 $18 Bg7 18. Re1 Re8 19. Bxf4 gxf4 20. Qf3 Qh4 21. Qg4 Qxg4 22. hxg4 f5 23. gxf5 Bxf5 24. Ng5 Bf6 25. Nf3 Kg7 26. d4 h5 27. Rxe8 Rxe8 28. Re1 Rxe1+ 29. Nxe1 Kf8 30. Kf1 Ke7 31. Ke2 Bg4+ 32. f3 Bd7 33. Nd3 Bg5 34. Bb5 c6 35. Bc4 b6 36. Ne5 Be8 37. Bd3 Kf6 38. b3 Bh6 39. Be4 c5 40. Kd3 cxd4 41. cxd4 Bf8 42. Bc6 Bg6+ 43. Kc4 Bf7+ 44. Kb5 Bd6 45. Nxf7 Kxf7 46. Ka6 Bc7 47. Kxa7 Ke6 48. b4 Kd6 49. Be4 Bd8 50. Kb7 h4 51. Bc6 Bc7 52. Kc8 Kxc6 53. b5+ Kd5 54. Kxc7 Kxd4 55. Kxb6 Ke3 56. Kc5 Kf2 57. b6 Kxg2 58. b7 h3 59. b8=Q h2 60. Qh8 h1=Q 61. Qxh1+ Kxh1 62. Kd4 1-0

[Event "WYCC 2018 O14"]
[Site "Halkidiki"]
[Date "2018.10.21"]
[Round "3"]
[White "Pogosyan, Stefan"]
[Black "Subelj, Jan"]
[Result "1-0"]
[ECO "E32"]
[WhiteElo "2373"]
[BlackElo "2281"]
[Annotator "NA"]
[PlyCount "77"]
[EventDate "2018.10.20"]
[EventType "swiss"]
[EventCountry "GRE"]
[SourceTitle "playchess.com"]
[Source "ChessBase"]
[SourceQuality "1"]
[TimeControl "40/5400+30:1800+30"]

1. d4 Nf6 2. c4 e6 3. Nc3 Bb4 4. Qc2 b6 5. Bg5 Bb7 6. a3 Bxc3+ 7. Qxc3 h6 8. Bh4 d6 9. f3 Nbd7 10. e3 e5 11. d5 e4 12. f4 Qe7 13. O-O-O Rg8 14. Qc2 g5 15. fxg5 hxg5 16. Bg3 Ng4 17. Qc3 Nge5 18. Ne2 Nd3+ 19. Kb1 N7c5 20. Nd4 Na4 21. Qb3 Nac5 22. Qc2 a5 23. Be2 b5 24. Nxb5 Rb8 25. a4 f5 26. Rhf1 Qh7 27. Bxd3 Nxd3 28. Rxd3 exd3 29. Qxd3 Bc8 30. c5 Kd8 31. cxd6 cxd6 32. Bxd6 Rb7 33. Qd4 Rg6 34. Rc1 Rxb5 35. Bc7+ Kd7 36. axb5 f4 37. Ka1 Qe7 38. Bxa5 Qd6 39. Qa7+ 1-0

[Event "WYCC 2018 O14"]
[Site "Halkidiki"]
[Date "2018.10.21"]
[Round "3"]
[White "Stoyanov, Tsvetan"]
[Black "Shermuhammadov, Samandar"]
[Result "1-0"]
[ECO "B00"]
[WhiteElo "2340"]
[BlackElo "1962"]
[Annotator "NA"]
[PlyCount "85"]
[EventDate "2018.10.20"]
[EventType "swiss"]
[EventCountry "GRE"]
[SourceTitle "playchess.com"]
[Source "ChessBase"]
[SourceQuality "1"]
[TimeControl "40/5400+30:1800+30"]

1. e4 d6 2. d4 g6 3. Nf3 Bg7 4. Bd3 e5 5. dxe5 {[%emt 0:06:44] B06: Modern Defence} dxe5 6. O-O Ne7 (6... Nd7 7. Nbd2 Nh6 8. Nc4 f6 9. b3 O-O 10. a4 a5 11. Ba3 Re8 12. Qd2 b6 {1-0 (31) Alekseev,E (2622)-Rozum,I (2590) Sochi 2017}) 7. Qe2 O-O $146 ({Predecessor:} 7... Nbc6 8. Rd1 Nd4 9. Nxd4 exd4 10. Bg5 h6 11. Bh4 O-O 12. Nd2 Be6 {½-½ (20) Nguyen,A (2508)-Yap,K (2395) Bandar Seri Begawan 2011}) 8. Na3 Nec6 9. c3 Nd7 10. b4 Qe7 11. Nc4 Nd8 12. Re1 Ne6 13. Qc2 b6 14. a4 Bb7 15. a5 b5 16. a6 Bxa6 17. Rxa6 bxc4 18. Bxc4 Nb6 19. Bd5 $18 Rad8 20. Bxe6 Qxe6 21. Rxa7 Qc6 22. Ra5 Rfe8 23. Rc5 Qb7 24. Be3 Ra8 25. Rd1 Red8 26. Rxd8+ Rxd8 27. h3 Ra8 28. Qb3 Nd7 29. Rd5 Nb6 30. Ra5 Rf8 31. Bxb6 cxb6 32. Rd5 Qc7 33. c4 Kh8 34. Qd3 Qe7 35. Rb5 f5 36. Rxb6 Rd8 37. Qe2 Qa7 38. c5 Qa1+ 39. Kh2 Qc1 40. g3 Ra8 41. exf5 gxf5 42. Nxe5 h6 43. Qf3 1-0

[Event "WYCC 2018 O14"]
[Site "Halkidiki"]
[Date "2018.10.21"]
[Round "3"]
[White "Huang, Renjie"]
[Black "Manafov, Vugar"]
[Result "1-0"]
[ECO "B04"]
[WhiteElo "2322"]
[BlackElo "2245"]
[Annotator "NA"]
[PlyCount "121"]
[EventDate "2018.10.20"]
[EventType "swiss"]
[EventCountry "GRE"]
[SourceTitle "playchess.com"]
[Source "ChessBase"]
[SourceQuality "1"]
[TimeControl "40/5400+30:1800+30"]

1. e4 Nf6 2. e5 Nd5 3. d4 d6 4. Nf3 Nb6 5. Be2 g6 6. O-O Bg7 7. exd6 cxd6 8. Be3 {[%emt 0:03:03] B04: Aljechin-Verteidigung (Moderne Variante)} O-O 9. Qc1 $146 ({Vorgänger:} 9. c4 Nc6 10. Nc3 Bg4 11. b3 d5 12. c5 Nc8 13. h3 Bxf3 14. Bxf3 e6 15. b4 a6 16. Rb1 N8e7 17. Ne2 Nf5 18. Qd2 Nh4 19. Bg4 h5 20. Bg5 Bf6 21. Bxh4 Bxh4 22. Bf3 {0-1 (57) Sanchez,J (2461)-Dzhumaev,M (2529) Rochefort 2009}) 9... Nc6 10. Bh6 Bg4 11. Bxg7 Kxg7 12. Nbd2 e5 13. Re1 Bxf3 14. Bxf3 Nxd4 15. Bxb7 Rb8 16. Be4 d5 17. c3 Nc6 18. Bd3 e4 19. Bf1 f5 20. Nb3 Qf6 21. Qf4 g5 22. Qd2 Rbd8 23. Nd4 Ne5 24. Rad1 Nbc4 25. Qc1 Rc8 26. b3 Nb6 $11 27. Qa3 Rf7 28. Nb5 Rcf8 29. c4 a6 30. Nd6 Rd7 31. c5 d4 32. Qxa6 Nd5 33. Bb5 Re7 34. Nc8 Rc7 35. Qxf6+ Kxf6 36. Rxd4 Rxc5 37. Nd6 Ke6 38. b4 Rc2 39. Nxe4 fxe4 40. Rdxe4 Rf5 41. g4 Rfxf2 42. Rxe5+ Kd6 43. Re6+ Kc7 44. Rc6+ Kb7 45. Rxc2 Rxc2 46. Bd3 Rxa2 47. Be4 Rd2 48. Bxd5+ Rxd5 49. Re7+ Kc8 50. Rxh7 Rd4 51. h3 Rxb4 52. Rf7 Kd8 53. Rf5 Rb1+ 54. Kg2 Rb2+ 55. Kg3 Rb3+ 56. Rf3 Rb2 57. h4 gxh4+ 58. Kxh4 Ke7 59. Kh5 Rb8 60. g5 Rg8 61. Kh6 1-0

[Event "WYCC 2018 O14"]
[Site "Halkidiki"]
[Date "2018.10.21"]
[Round "3"]
[White "Dardha, Daniel"]
[Black "Patrelakis, Evaggelos"]
[Result "1-0"]
[ECO "A05"]
[WhiteElo "2316"]
[BlackElo "2146"]
[Annotator "ChessBase"]
[PlyCount "149"]
[EventDate "2018.10.20"]
[EventType "swiss"]
[EventCountry "GRE"]
[SourceTitle "playchess.com"]
[Source "ChessBase"]
[SourceQuality "1"]
[TimeControl "40/5400+30:1800+30"]

1. Nf3 Nf6 2. g3 g6 3. b3 Bg7 4. Bb2 O-O 5. Bg2 d6 6. d4 Nbd7 7. O-O c6 8. c4 Qc7 9. Nc3 Re8 10. e4 e5 11. d5 c5 12. Ne1 Nb6 13. Nd3 h6 14. Qd2 a6 15. f4 exf4 16. gxf4 Ng4 17. Rae1 Bd4+ 18. Kh1 Qd8 19. Bf3 Qh4 20. Nd1 Bxb2 21. Qxb2 Re7 22. Qg2 h5 23. Qg3 Qxg3 24. hxg3 Bd7 25. Re2 Rae8 26. Rfe1 Nc8 27. Nc3 f6 28. Kg2 Kg7 29. a4 a5 30. Bxg4 Bxg4 31. Re3 b6 32. Kf2 Rf8 33. Rf1 Rfe8 34. Rfe1 Rf8 35. Rf1 Rfe8 36. Ke1 Bf5 37. Nf2 Bd7 38. Kd2 f5 39. Rfe1 fxe4 40. Nfxe4 Rf7 41. Nb5 Bxb5 42. axb5 Kf8 43. Ng5 Rxe3 44. Rxe3 Re7 45. Ne6+ Kf7 46. Ke2 Kf6 47. Kf3 Kf5 48. Re2 Rf7 49. Rg2 Rh7 50. Rg1 Rh8 51. Re1 Rh7 52. Ng5 Re7 53. Ne4 Rd7 54. Rg1 Rh7 55. Rg2 Rh8 56. Re2 Re8 57. Re1 Rd8 58. Ng5 Kf6 59. g4 Rh8 60. gxh5 gxh5 61. Re6+ Kg7 62. f5 h4 63. Kg4 Kf8 64. f6 h3 65. Nxh3 Rh7 66. Ng5 Rh1 67. Kf5 Rf1+ 68. Kg6 Rg1 69. Re3 Rg2 70. Rh3 Ne7+ 71. fxe7+ Kxe7 72. Rh7+ Kd8 73. Kf6 Re2 74. Ne6+ Kc8 75. Ke7 1-0

[Event "WYCC 2018 O14"]
[Site "Halkidiki"]
[Date "2018.10.21"]
[Round "3"]
[White "Gharibyan, Mamikon"]
[Black "Boyer, Mahel"]
[Result "0-1"]
[ECO "E10"]
[WhiteElo "2314"]
[BlackElo "2227"]
[Annotator "ChessBase"]
[PlyCount "110"]
[EventDate "2018.10.20"]
[EventType "swiss"]
[EventCountry "GRE"]
[SourceTitle "playchess.com"]
[Source "ChessBase"]
[SourceQuality "1"]
[TimeControl "40/5400+30:1800+30"]

1. d4 Nf6 2. c4 e6 3. Nf3 c5 4. d5 exd5 5. cxd5 g6 6. Nc3 Bg7 7. Bf4 O-O 8. e3 d6 9. h3 Na6 10. Be2 Nc7 11. O-O Rb8 12. a4 Re8 13. Bh2 Bf8 14. Nd2 b6 15. e4 a6 16. Rb1 b5 17. axb5 Nxb5 18. Bxb5 axb5 19. b4 c4 20. Re1 Bg7 21. Nf3 Ng4 22. hxg4 Bxc3 23. Re3 Bg7 24. Nd2 Ra8 25. Qf3 Ra6 26. Bf4 Bd4 27. Re2 Qh4 28. Bg3 Qxg4 29. Rd1 Bg7 30. Ree1 Qxf3 31. Nxf3 Bc3 32. Re2 Bg4 33. Rc2 Bg7 34. Re1 Bxf3 35. gxf3 Bf8 36. f4 Ra4 37. Rb2 f6 38. f3 Rea8 39. Bf2 Ra1 40. Kg2 Rxe1 41. Bxe1 Ra3 42. Rc2 Kf7 43. Bc3 Be7 44. Kf2 h5 45. Kg3 Bd8 46. Bd4 Bc7 47. Rc1 Ra4 48. Bc3 Bb6 49. e5 fxe5 50. fxe5 dxe5 51. Bxe5 Rxb4 52. Re1 Bc5 53. d6 Rb3 54. Bf4 Rd3 55. Re7+ Kf6 0-1

[Event "WYCC 2018 O14"]
[Site "Halkidiki"]
[Date "2018.10.21"]
[Round "3"]
[White "Suleymanli, Aydin"]
[Black "Dao, Minh Nhat"]
[Result "1-0"]
[ECO "A45"]
[WhiteElo "2313"]
[BlackElo "1956"]
[Annotator "NA"]
[PlyCount "85"]
[EventDate "2018.10.20"]
[EventType "swiss"]
[EventCountry "GRE"]
[SourceTitle "playchess.com"]
[Source "ChessBase"]
[SourceQuality "1"]
[TimeControl "40/5400+30:1800+30"]

1. d4 Nf6 2. Bg5 e6 3. e4 d5 4. e5 h6 5. Be3 Nfd7 6. c3 c5 7. f4 Nc6 8. Nf3 Qb6 9. Qd2 cxd4 10. cxd4 Bb4 11. Nc3 Qa5 12. Rc1 Nb6 13. a3 Bxc3 14. Qxc3 Qxc3+ 15. Rxc3 Na5 16. b3 Bd7 $16 17. Bd2 O-O 18. Kf2 a6 19. Bd3 Nc6 20. Rc5 Be8 21. g4 Nd7 22. Rc2 f6 23. Kg3 g5 24. h4 fxe5 25. dxe5 gxf4+ 26. Bxf4 h5 27. Re1 hxg4 28. Ng5 Bh5 29. Nxe6 Rf7 30. Ng5 Rxf4 31. Kxf4 Rf8+ 32. Kg3 Ndxe5 33. Bh7+ Kh8 34. Rf2 Rd8 35. Rf5 Re8 36. Ne4 Bf7 37. Nd6 Kxh7 38. Nxe8 Bxe8 39. Rfxe5 Nxe5 40. Rxe5 Bf7 41. Re7 Kg6 42. Rxb7 d4 43. h5+ 1-0

[Event "WYCC 2018 O14"]
[Site "Halkidiki"]
[Date "2018.10.21"]
[Round "3"]
[White "Popov, Konstantin"]
[Black "Antonica, Dragos-Andrei"]
[Result "1-0"]
[ECO "C05"]
[WhiteElo "2304"]
[BlackElo "2061"]
[Annotator "NA"]
[PlyCount "77"]
[EventDate "2018.10.20"]
[EventType "swiss"]
[EventCountry "GRE"]
[SourceTitle "playchess.com"]
[Source "ChessBase"]
[SourceQuality "1"]
[TimeControl "40/5400+30:1800+30"]

1. e4 e6 2. d4 d5 3. Nd2 Nf6 4. e5 Nfd7 5. Bd3 c5 6. c3 Nc6 7. Ne2 Qb6 8. Nf3 Be7 9. O-O f5 ({Better is} 9... O-O $14) 10. Nf4 Nf8 11. Nh5 g6 12. Nf6+ Bxf6 $16 13. exf6 Qd8 14. Bg5 Kf7 15. Qd2 Nd7 16. Bb5 Qb6 17. Bxc6 bxc6 18. Rfe1 Qd8 19. dxc5 Re8 20. Qd4 h6 21. Qh4 Rh8 22. Bxh6 Nxf6 23. Ne5+ Kg8 24. Nxc6 Qf8 25. Bxf8 Rxh4 26. Be7 Kf7 27. Ne5+ Kg7 28. b4 Rh8 29. Bxf6+ Kxf6 30. f4 Rg8 31. Nf3 Ba6 32. Re3 Bc4 33. Nd4 Rge8 34. a4 Re7 35. Rae1 Rae8 36. b5 g5 37. fxg5+ Kxg5 38. Rxe6 Rxe6 39. Rxe6 1-0

[Event "WYCC 2018 O14"]
[Site "Halkidiki"]
[Date "2018.10.21"]
[Round "3"]
[White "Tadic, Stefan"]
[Black "Vitenberg, Noam Aviv"]
[Result "1-0"]
[ECO "C15"]
[WhiteElo "2295"]
[BlackElo "2175"]
[Annotator "NA"]
[PlyCount "97"]
[EventDate "2018.10.20"]
[EventType "swiss"]
[EventCountry "GRE"]
[SourceTitle "playchess.com"]
[Source "ChessBase"]
[SourceQuality "1"]
[TimeControl "40/5400+30:1800+30"]

1. e4 e6 2. d4 d5 3. Nc3 Bb4 4. Nge2 Nf6 5. e5 Nfd7 6. a3 Be7 7. f4 c5 8. Be3 $11 {[%emt 0:07:56] LiveBook: 19 Games} Nc6 9. dxc5 Nxc5 10. Nd4 Bd7 11. Nf3 a5 12. Qd2 a4 13. O-O-O Qa5 14. Kb1 Rb8 15. Nb5 Qxd2 16. Nxd2 Na5 17. f5 O-O 18. f6 gxf6 19. exf6 Bxf6 20. Bxc5 Rfc8 21. Bb6 Nc6 22. Nf3 Ne7 23. Bd4 Bxd4 24. Nbxd4 f6 25. Bb5 Bxb5 26. Nxb5 Rc5 27. Nc3 b5 28. Na2 Kf7 29. Rhf1 Nf5 30. Rd3 Rg8 31. g3 Rg4 32. Rc3 Rcc4 33. Rxc4 Rxc4 34. Nc3 Rc5 35. Kc1 d4 36. Ne4 Rd5 37. Ne1 Rd8 38. g4 Ne3 39. Rxf6+ Ke7 40. Rh6 Rh8 41. h3 Nc4 42. Nf3 Rf8 43. Rxh7+ Ke8 44. Ned2 Nxd2 45. Nxd2 Rf2 46. Ne4 Re2 47. Nf6+ Kf8 48. g5 Rg2 49. Ng4 1-0

[Event "WYCC 2018 O14"]
[Site "Halkidiki"]
[Date "2018.10.21"]
[Round "3"]
[White "Ognean, Mihnea-Ionut"]
[Black "Turgut, Aydin"]
[Result "0-1"]
[ECO "E25"]
[WhiteElo "2291"]
[BlackElo "2156"]
[Annotator "NA"]
[PlyCount "78"]
[EventDate "2018.10.20"]
[EventType "swiss"]
[EventCountry "GRE"]
[SourceTitle "playchess.com"]
[Source "ChessBase"]
[SourceQuality "1"]
[TimeControl "40/5400+30:1800+30"]

1. d4 Nf6 2. c4 e6 3. Nc3 Bb4 4. f3 d5 5. a3 Bxc3+ 6. bxc3 c5 7. cxd5 Nxd5 8. dxc5 f5 9. c4 Qh4+ 10. g3 Qxc4 11. e4 Qc3+ 12. Bd2 Qe5 13. Rc1 fxe4 14. f4 Qf6 15. Ne2 O-O 16. Bg2 e3 17. Bc3 Nxc3 18. Rxc3 Rd8 19. Qc1 Na6 20. O-O Nc7 21. Rxe3 Nd5 22. Re5 Bd7 23. Nd4 Rac8 24. Rfe1 Qf8 25. f5 Rxc5 26. Qb2 Nc7 27. fxe6 Rxe5 28. Rxe5 Bxe6 29. h4 Bc8 30. Qc3 Qd6 31. Nf3 Nd5 32. Qc4 Be6 33. Kh2 h6 34. Qe4 Nf6 35. Qf4 Ng4+ 36. Kg1 Nxe5 37. Nxe5 Qd4+ 38. Qxd4 Rxd4 39. Bxb7 Ra4 0-1

[Event "WYCC 2018 O14"]
[Site "Halkidiki"]
[Date "2018.10.21"]
[Round "3"]
[White "Kushagra Mohan"]
[Black "Kacharava, Nikolozi"]
[Result "1/2-1/2"]
[ECO "C42"]
[WhiteElo "2283"]
[BlackElo "2373"]
[Annotator "NA"]
[PlyCount "51"]
[EventDate "2018.10.20"]
[EventType "swiss"]
[EventCountry "GRE"]
[SourceTitle "playchess.com"]
[Source "ChessBase"]
[SourceQuality "1"]
[TimeControl "40/5400+30:1800+30"]

1. e4 e5 2. Nf3 Nf6 3. Nxe5 d6 4. Nf3 Nxe4 5. Nc3 Nxc3 6. dxc3 Be7 7. Be3 O-O 8. Qd2 Nd7 9. O-O-O c6 10. Kb1 d5 11. c4 Nb6 12. cxd5 Nxd5 13. Bc4 Be6 14. Rhe1 Bb4 15. c3 Be7 16. Bd4 Bf6 17. Bxf6 Qxf6 18. Nd4 Nf4 19. Nxe6 Nxe6 20. Bxe6 fxe6 21. f3 Rad8 22. Qe2 Kf7 23. g3 Rxd1+ 24. Rxd1 Rd8 25. f4 Qf5+ 26. Kc1 1/2-1/2